 Dungeon Crawl Stone Soup version 0.28-a0-312-gbced6e68ee (webtiles) character file.

Game seed: 4784638869540469650

3600 scarywalker64 the Thaumaturge (level 9, 0/74 HPs)
             Began as a Demigod Fire Elementalist on Aug 30, 2021.
             Slain by a steam dragon (2 damage)
             ... on level 9 of the Dungeon on Oct 17, 2021.
             The game lasted 00:38:35 (13663 turns).

scarywalker64 the Thaumaturge (DgFE)               Turns: 13663, Time: 00:38:36

Health: 0/74       AC: 10    Str: 23    XL:     9   Next: 55%
Magic:  25/25      EV: 13    Int: 21    God:
Gold:   160        SH:  0    Dex: 14    Spells: 11/24 levels left

rFire   . . .      SeeInvis +   w - +1 bardiche (vamp)
rCold   . . .      Faith    .   (shield currently unavailable)
rNeg    . . .      Spirit   .   z - +1 robe "Valu" {rPois SInv}
rPois   +          Reflect  .   (no helmet)
rElec   .          Harm     .   M - +0 cloak
rCorr   .          Rampage  .   (no gloves)
Will    .....                   m - +1 pair of boots
Stlth   ++........              y - amulet of the acrobat
HPRegen 0.22/turn               I - +4 ring of protection
MPRegen 0.19/turn               G - +6 ring of strength

@: no status effects
A: high mp 1, forlorn
a: no special abilities


You were on level 9 of the Dungeon.
You visited 2 branches of the dungeon, and saw 10 of its levels.

You collected 472 gold pieces.
You spent 312 gold pieces at shops.

Inventory:

Hand Weapons
 w - a +1 vampiric bardiche (weapon)
 N - a +0 hunting sling
 Q - a +1 war axe of freezing
Missiles
 a - 39 bolts
 i - 261 stones
 t - 180 arrows
 u - 43 sling bullets
 B - 28 poisoned darts
 C - 14 atropa-tipped darts
 J - 2 throwing nets
Armour
 j - a +1 robe of willpower
 m - a +1 pair of boots (worn)
 n - a +2 robe of fire resistance
 x - a +0 troll leather armour
 z - the +1 robe "Valu" (worn) {rPois SInv}
   (You found it on level 4 of the Dungeon)

   rPois:     It protects you from poison.
   SInv:      It lets you see invisible.
 M - a +0 cloak (worn)
Jewellery
 y - an amulet of the acrobat (around neck)
 G - a +6 ring of strength (right hand)
 I - a +4 ring of protection (left hand)
Wands
 e - a wand of flame (12)
 o - a wand of polymorph (14)
Scrolls
 b - a scroll of enchant armour
 f - a scroll of amnesia
 D - a scroll of blinking
 H - 4 scrolls of fear
Potions
 c - a potion of degeneration {unknown}
 d - 2 potions of mutation
 g - a potion of brilliance {unknown}
 h - 7 potions of curing
 k - 2 potions of invisibility
 l - a potion of berserk rage {unknown}
 p - 4 potions of attraction
 q - a potion of lignification {unknown}
 s - a potion of resistance {unknown}
 v - 2 potions of might
 A - a potion of ambrosia {unknown}
 E - a potion of heal wounds {unknown}


   Skills:
 * Level 5.0 Fighting
 + Level 1.0 Short Blades
 + Level 0.5(1.3) Axes
 + Level 1.8(1.9) Polearms
 + Level 3.3 Dodging
 - Level 2.0 Stealth
 * Level 8.2 Spellcasting
 + Level 4.8 Conjurations
 + Level 5.3 Fire Magic
 + Level 1.0 Ice Magic


You had 11 spell levels left.
You knew the following spells:

 Your Spells              Type           Power      Damage    Failure   Level
a - Foxfire               Conj/Fire      100%       2x1d9     1%          1
b - Conjure Flame         Conj/Fire      30%        6-21      2%          3
c - Freeze                Ice            52%        1d7       4%          1
e - Sublimation of Blood  Necr           4%         N/A       12%         2
f - Wereblood             Tmut           8%         N/A       12%         2
g - Sticky Flame          Conj/Fire      30%        2d5       10%         4

Your spell library contained the following spells:

 Spells                   Type           Power      Damage    Failure   Level
 Magic Dart               Conj           100%       1d8       1%          1
 Searing Ray              Conj           58%        3d5       1%          2
 Corona                   Hex            8%         N/A       8%          1
 Inner Flame              Hex/Fire       19%        N/A       8%          3
 Ensorcelled Hibernation  Hex/Ice        20%        N/A       10%         2
 Ignite Poison            Fire/Tmut/Pois 16%        N/A       11%         3
 Passwall                 Tmut/Erth      6%         N/A       12%         2
 Frozen Ramparts          Ice            26%        1d4       16%         3
 Hailstorm                Conj/Ice       21%        3d6       22%         4
 Swiftness                Air            8%         N/A       24%         3
 Tukima's Dance           Hex            8%         N/A       24%         3
 Fireball                 Conj/Fire      15%        3d8       26%         5
 Fulminant Prism          Conj/Hex       9%         3d7       28%         4
 Bolt of Magma            Conj/Fire/Erth 11%        4d7       47%         5
 Ice Form                 Ice/Tmut       10%        N/A       52%         4
 Airstrike                Air            4%         N/A       61%         4
 Summon Lightning Spire   Summ/Air       8%         N/A       61%         4
 Lightning Bolt           Conj/Air       9%         1d21      61%         5
 Eringya's Noxious Bog    Tmut/Pois      4%         N/A       100%        6
 Invisibility             Hex            4%         N/A       100%        6
 Summon Hydra             Summ           4%         N/A       100%        7


Dungeon Overview and Level Annotations

Branches:
Dungeon (9/15)             Temple (1/1) D:4
   Lair: D:8-11         Orc: D:9-12

Shops:
D:4 *   D:5 (


Innate Abilities, Weirdness & Mutations

Your attributes grow dramatically as you level up.
You have an increased reservoir of magic. (+10% MP)
You shall have no god before yourself.


Message History

You are engulfed in a cloud of scalding steam.
The steam dragon closely misses you. The steam dragon claws you.
The steam dragon bites you but does no damage.
The steam dragon claws you.
* * * LOW HITPOINT WARNING * * *
You are too injured to fight recklessly!
You are too injured to fight recklessly!
You barely miss the steam dragon.
The steam dragon is severely wounded.
You are engulfed in a cloud of scalding steam.
The steam dragon breathes steam at you. The ball of steam hits you!
* * * LOW HITPOINT WARNING * * *
You barely miss the steam dragon.
The steam dragon is severely wounded.
The steam dragon completely misses you. The steam dragon barely misses you.
The steam dragon bites you but does no damage.
The steam dragon claws you.
* * * LOW HITPOINT WARNING * * *
You completely miss the steam dragon.
The steam dragon is severely wounded.
The steam dragon bites you.
* * * LOW HITPOINT WARNING * * *
The steam dragon claws you but does no damage.
The steam dragon breathes steam at you. The ball of steam hits you!
* * * LOW HITPOINT WARNING * * *
You hit the steam dragon.
You feel better.
The steam dragon is severely wounded.
You are engulfed in a cloud of scalding steam.
* * * LOW HITPOINT WARNING * * *
The steam dragon barely misses you. The steam dragon claws you.
* * * LOW HITPOINT WARNING * * *
The steam dragon misses you.
The steam dragon claws you but does no damage.
You closely miss the steam dragon.
The steam dragon is severely wounded.
The steam dragon bites you but does no damage.
The steam dragon claws you.
You die...

.# .# .##.# .. ....###
.# ......# .#
.####.#.# .# .####....
.# ......... .#
......#.# #######.####
.####.#.###.§...@D...#
.# #.#.##...≈§≈≈≈≈≈.#
.####.#.##..≈≈≈≈≈≈...#
............≈≈_....8.#
.#########..≈≈≈≈≈≈...#
.# #...≈≈≈≈≈≈≈.# .#
#...........# .#
############# ##


You could see a steam dragon.

Vanquished Creatures
  A troll (D:5)
  A wraith (D:7)
  4 yaks (D:8)
  An acid dragon (D:8)
  2 black bears
  An ice beast (D:7)
  An orc warrior (D:6)
  3 sky beasts
  2 ogres
  4 centaurs
  A kobold brigand (D:6)
  2 bullfrogs
  A scorpion (D:7)
  4 wights (D:6)
  2 howler monkeys
  2 centaur zombies
  A gnoll shaman (D:7)
  An orc priest (D:6)
  5 hounds
  2 jellies
  An iguana (D:4)
  5 orc wizards
  12 gnolls
  6 adders
  11 river rats (D:5)
  2 shadow imps (D:7)
  2 ufetubi (D:5)
  3 worms (D:3)
  3 dart slugs
  31 orcs
  5 bats
  4 endoplasms
  3 giant cockroaches
  9 hobgoblins
  15 quokkas
  6 ball pythons
  3 frilled lizards
  8 goblins
  11 kobolds
  21 rats
202 creatures vanquished.

Vanquished Creatures (collateral kills)
  A foxfire (D:3)
1 creature vanquished.

Vanquished Creatures (others)
  951 foxfires
  2 plants (D:5)
953 creatures vanquished.

Grand Total: 1156 creatures vanquished

Notes
Turn   | Place    | Note
-------+----------+-------------------------------------------
     0 | D:1      | scarywalker64 the Demigod Fire Elementalist began the quest
                  | for the Orb.
     0 | D:1      | Reached XP level 1. HP: 14/14 MP: 5/5
     0 | D:1      | Upgraded the game from 0.28-a0-305-g9e858e973b to
                  | 0.28-a0-312-gbced6e68ee
   189 | D:1      | Reached skill level 2 in Spellcasting
   357 | D:1      | Reached XP level 2. HP: 22/22 MP: 2/7
   625 | D:1      | Reached skill level 1 in Conjurations
  1169 | D:1      | Reached XP level 3. HP: 23/27 MP: 5/9
  2001 | D:2      | Reached skill level 1 in Fighting
  2001 | D:2      | Reached XP level 4. HP: 35/35 MP: 3/11
  3373 | D:3      | Reached skill level 3 in Spellcasting
  4629 | D:4      | Found a staircase to the Ecumenical Temple.
  4634 | Temple   | Entered the Ecumenical Temple
  5017 | D:4      | Reached XP level 5. HP: 38/40 MP: 7/13
  5407 | D:4      | Noticed a black bear
  5407 | D:4      | Noticed an ogre
  5467 | D:3      | Killed an ogre
  5468 | D:3      | Reached skill level 4 in Spellcasting
  5817 | D:4      | Killed a black bear
  5818 | D:4      | Reached XP level 6. HP: 48/48 MP: 8/15
  5957 | D:4      | Identified the +1 robe "Valu" {rPois SInv}
  6260 | D:4      | Found Vyjanoos's General Store.
  6462 | D:5      | Entered Level 5 of the Dungeon
  6786 | D:5      | Found Falunuor's Antique Weapon Shop.
  6827 | D:5      | Noticed a troll
  6834 | D:5      | Learned a level 3 spell: Conjure Flame
  6836 | D:5      | Learned a level 1 spell: Freeze
  6839 | D:5      | Learned a level 2 spell: Passwall
  6842 | D:5      | Learned a level 2 spell: Sublimation of Blood
  6845 | D:5      | Learned a level 2 spell: Wereblood
  7026 | D:5      | Reached XP level 7. HP: 56/56 MP: 11/17
  7172 | D:5      | Reached skill level 5 in Spellcasting
  8245 | D:5      | Learned a level 4 spell: Sticky Flame
  8374 | D:6      | Reached skill level 1 in Short Blades
  8871 | D:6      | Reached XP level 8. HP: 63/63 MP: 16/20
  8927 | D:6      | Reached skill level 6 in Spellcasting
 10192 | D:6      | Identified a scroll of acquirement
 10192 | D:6      | Acquired the Tome of Unstable Conjuration
 10280 | D:5      | Bought a glowing bardiche for 312 gold pieces
 10369 | D:5      | Killed a troll
 10370 | D:5      | Reached skill level 7 in Spellcasting
 10510 | D:7      | Reached skill level 5 in Fire Magic
 10725 | D:7      | Reached XP level 9. HP: 72/72 MP: 23/23
 11903 | D:8      | Noticed a yaktaur
 13116 | D:8      | Reached skill level 1 in Polearms
 13116 | D:8      | Reached skill level 8 in Spellcasting
 13125 | D:8      | Reached skill level 5 in Fighting
 13125 | D:8      | Reached skill level 1 in Ice Magic
 13661 | D:9      | HP: 3/74 [steam dragon/ball of steam (7)]
 13663 | D:9      | Slain by a steam dragon

Illustrated notes

Levels and vault maps discovered:
D:1:      roderic_chinese_lattice_arrival, layout_basic
D:2:      layout_loops_corners, basic_ecumenical_altar, minmay_bisected
D:3:      layout_loops_cross, jmf_multi_god_temple, gup_sewer_entry_spiral,
          hangedman_decor_push
D:4:      minmay_spotlight, layout_loops_ring,
          mainiacjoe_overflow_six_doors_small, minmay_temple_entry_trees,
          serial_shops, kennysheep_mini, solitary_fountain
D:5:      lemuel_ratsnest, layout_rooms, nicolae_tso_carved_into_rock,
          mainiacjoe_overflow_24_doors, serial_shops,
          nicolae_shop_overgrown_old_shop, minivault_27, corexii_shack
D:6:      layout_loops_cross
D:7:      layout_loops_cross
D:8:      layout_rooms, kennysheep_just_a_vault
D:9:      kennysheep_blocky_hall, layout_loops_ring,
          mainiacjoe_overflow_catwalk, grunt_dithmenos_smoke,
          nicolae_overflow_crystal_walls, nicolae_ru_awakened_eye,
          hangedman_glass_teeth, nicolae_stop_n_shop_1
Temple:   minmay_temple_curvy_loop

Skill      XL: |  1  2  3  4  5  6  7  8  9 |
---------------+----------------------------+-----
Spellcasting   | 2 3 4 5 7 8 |  8.2
Conjurations   | 1 2 3 4 |  4.8
Fire Magic     | 3 4 5 |  5.3
Fighting       | 1 2 3 4 5 |  5.0
Stealth        | 2 |  2.0
Dodging        | 2 3 |  3.3
Short Blades   | 1 |  1.0
Polearms       | 1 |  1.8
Ice Magic      | 1 |  1.0
Axes           | |  0.5

Action                   |  1- 3 |  4- 6 |  7- 9 || total
-------------------------+-------+-------+-------++-------
Melee: Spear             |     2 |       |    24 ||    26
       Rapier            |       |    14 |       ||    14
       Dagger            |       |     9 |    62 ||    71
       War axe           |       |       |    29 ||    29
       Bardiche          |       |       |    42 ||    42
 Cast: Foxfire           |    79 |   241 |   298 ||   618
       Conjure Flame     |       |       |     8 ||     8
       Sticky Flame      |       |       |     2 ||     2
       Freeze            |       |       |     8 ||     8
  Use: Scroll            |       |     4 |    16 ||    20
 Stab: Sleeping          |     1 |     1 |     3 ||     5
Armor: Robe              |     7 |    16 |    60 ||    83
Dodge: Dodged            |    14 |    68 |   188 ||   270

Table legend: (Time is in decaauts)
 A = Elapsed time spent in this place.
 B = Non-inter-level travel time spent in this place.
 C = Inter-level travel time spent in this place.
 D = Time resting spent in this place.
 E = Time spent auto-exploring this place.
 F = Levels seen in this place.
 G = Mean time per level.
                   A        B        C        D        E       F      G
               +--------+--------+--------+--------+--------+-----+--------+
         Total |  13793 |  12609 |   1184 |      0 |  10196 |  10 | 1379.3 |
       Dungeon |  13576 |  12415 |   1161 |      0 |  10007 |   9 | 1508.4 |
        Temple |    216 |    193 |     23 |      0 |    189 |   1 |  216.0 |
               +--------+--------+--------+--------+--------+-----+--------+

Top non-repeatable levels by time:
     D:5: 2195 daAuts
     D:6: 1937 daAuts
     D:3: 1822 daAuts
     D:7: 1664 daAuts
     D:4: 1600 daAuts
     D:1: 1584 daAuts
     D:2: 1315 daAuts
     D:8: 1295 daAuts
  Temple: 216 daAuts
     D:9: 160 daAuts
